 Dungeon Crawl Stone Soup version 0.24.1 (webtiles) character file.

Game seed: 18038393267746259736, levelgen mode: deterministic

14257 Sneiq the Covert (level 11, -6/50 HPs)
             Began as a Spriggan Enchanter on Mar 29, 2020.
             Was an Initiate of Gozag.
             Mangled by a white ugly thing (19 damage)
             ... on level 12 of the Dungeon on Mar 30, 2020.
             The game lasted 04:34:09 (13426 turns).

Sneiq the Covert (Spriggan Enchanter)              Turns: 13426, Time: 04:34:14

Health: -6/50      AC:  4    Str:  4    XL:     11   Next: 86%
Magic:  17/25      EV: 26    Int: 24    God:    Gozag
Gold:   2626       SH:  0    Dex: 16    Spells: 13/29 levels left

rFire    . . .     SeeInvis +   J - +1 dagger (venom)
rCold    . . .     Gourm    .   (shield restricted)
rNeg     . . .     Faith    .   F - +2 robe {MR+}
rPois    .         Spirit   .   (helmet restricted)
rElec    .         Reflect  .   (no cloak)
rCorr    .         Harm     .   (gloves unavailable)
MR       ++...                  (boots unavailable)
Stlth    ++++++....             u - amulet of regeneration
HPRegen  0.56/turn              G - ring of stealth
MPRegen  0.19/turn              q - +3 ring of intelligence

@: drained, very quick
A: very small, unfitting armour, see invisible, herbivore, speed 3, slow
metabolism 2
a: Potion Petition, Call Merchant, Bribe Branch, Renounce Religion


You were on level 12 of the Dungeon.
You worshipped Gozag.
Gozag was most pleased with you.
You were near starving.

You visited 2 branches of the dungeon, and saw 13 of its levels.

You collected 2843 gold pieces.
You spent 147 gold pieces at shops.
You paid 70 gold pieces to Gozag.

Inventory:

Hand Weapons
 J - a +1 dagger of venom (weapon)
Missiles
 r - 4 poisoned darts (quivered)
Armour
 F - a +2 robe of magic resistance (worn)
Jewellery
 q - a +3 ring of intelligence (right hand)
 u - an amulet of regeneration (around neck)
 y - an uncursed ring of poison resistance
 G - a ring of stealth (left hand)
 L - a +3 ring of protection
Wands
 a - a wand of digging (7)
 g - a wand of random effects (2)
 I - a wand of disintegration (9)
Scrolls
 e - 2 scrolls of amnesia
 h - 2 scrolls of blinking
 k - a scroll of enchant armour
 l - a scroll of summoning {unknown}
 m - a scroll of noise {unknown}
 n - a scroll of fog {unknown}
 s - 2 scrolls of immolation
 t - 3 scrolls of fear
 v - 2 scrolls of identify
 w - 2 scrolls of remove curse
 x - 3 scrolls of magic mapping
 B - a scroll of enchant weapon {unknown}
 C - a scroll of teleportation
 K - a scroll of vulnerability {unknown}
Potions
 b - a potion of invisibility
 c - a potion of degeneration {unknown}
 f - 4 potions of haste
 i - 7 potions of curing
 j - a potion of magic
 o - a potion of heal wounds
 p - a potion of flight
 z - a potion of lignification
 A - a potion of mutation
 D - a potion of might
 E - a potion of cancellation
 H - a potion of agility
Comestibles
 d - 13 rations


   Skills:
 - Level 2.0(0.9) Fighting
 + Level 9.3(8.0) Short Blades
 - Level 4.0(2.8) Throwing
 + Level 11.5(10.2) Dodging
 + Level 12.7(11.3) Stealth
 + Level 9.5(8.2) Spellcasting
 + Level 9.5(8.2) Hexes
 - Level 6.0(4.8) Translocations
 - Level 4.0(2.8) Ice Magic


You had 13 spell levels left.
You knew the following spells:

 Your Spells              Type           Power        Failure   Level  Hunger
a - Corona                Hex            #####..      1%          1    None
b - Ensorcelled Hibernat  Hex/Ice        #####.       1%          2    None
c - Confuse               Hex            #####...     1%          3    None
d - Tukima's Dance        Hex            #####...     1%          3    None
e - Dazzling Spray        Conj/Hex       ####..       3%          3    None
f - Gell's Gravitas       Tloc           ####......   2%          3    None
g - Confusing Touch       Hex            #####.       1%          1    None

Your spell library contained the following spells:

 Spells                   Type           Power        Failure   Level  Hunger
 Shroud of Golubria       Chrm/Tloc      ###...       3%          2    None
 Spectral Weapon          Hex/Chrm       ####....     3%          3    None
 Infusion                 Chrm           #...         6%          1    None
 Poisonous Vapours        Pois/Air       #.....       10%         2    None
 Song of Slaying          Chrm           #.......     10%         2    None
 Sublimation of Blood     Necr           #.........   10%         2    None
 Conjure Flame            Conj/Fire      #.......     19%         3    None
 Ignite Poison            Fire/Tmut/Pois #.......     19%         3    None
 Mephitic Cloud           Conj/Pois/Air  #.......     19%         3    None
 Regeneration             Chrm/Necr      #.........   19%         3    None
 Metabolic Englaciation   Hex/Ice        #####.....   19%         5    #####..
 Yara's Violent Unravell  Hex/Tmut       ####......   32%         5    #####..
 Petrify                  Tmut/Erth      #.......     54%         4    ##.....
 Alistair's Intoxication  Tmut/Pois      #.......     87%         5    #####..
 Irradiate                Conj/Tmut      #.........   87%         5    #####..
 Freezing Cloud           Conj/Ice/Air   ##........   100%        6    ######.
 Ring of Flames           Chrm/Fire      #.........   100%        7    #######


Dungeon Overview and Level Annotations

Branches:
Dungeon (12/15)            Temple (1/1) D:4            Lair (0/6) D:11
    Orc (0/2) D:9

Altars:
Ashenzari
Cheibriados
Dithmenos
Elyvilon
Fedhas
Gozag
Hepliaklqana
Kikubaaqudgha
Makhleb
Nemelex Xobeh
Okawaru
Qazlal
Ru
Sif Muna
Trog
Uskayaw
Vehumet
Wu Jian
Xom
Yredelemnul
Zin
The Shining One

Shops:
D:5 *   D:7 [

Annotations:
D:6 1 runed translucent door, releu's ghost, novice MiFi


Innate Abilities, Weirdness & Mutations

You are very small and have problems with some larger weapons.
You are too small for most types of armour.
You have supernaturally acute eyesight. (SInv)
You are a herbivore.
You cover ground extremely quickly.
You need to consume almost no food.


Message History

Confirm with . or Enter, or press ? or * to list all spells.
Aiming: Confuse (safe; 1% risk of failure)
Press: ? - help, Shift-Dir - straight line, f/p - white ugly thing
Aim: a white ugly thing (chance to defeat MR: 55%)
The white ugly thing appears confused.
Casting: Confuse (safe; 1% risk of failure)
Confirm with . or Enter, or press ? or * to list all spells.
You can't see any susceptible monsters within range! (Use Z to cast anyway.)
You feel better.
Casting: Confuse (safe; 1% risk of failure)
Confirm with . or Enter, or press ? or * to list all spells.
You don't know that spell.
You barely miss the white ugly thing. You hit the white ugly thing.
The white ugly thing is poisoned.
The white ugly thing is lightly wounded.
The white ugly thing bites you.
* * * LOW HITPOINT WARNING * * *
The white ugly thing freezes you!!
You die...
Your body crumbles into a pile of gold.

............#
#..........
.<....$.....#
#..........#
............#
#..........#
............#
#..........#
............#
#..........#
.........>.=#
#..........#
............#
#$.........#
......H.....#
#..........#
..########@u#
#........... #..#
#........... #..#
#....$...... #..#
#.....)..... #..#
#...........
#..####...........
#.................
#........######...
#........# #...


You could see a white ugly thing (confused) and a hippogriff (confused).

Vanquished Creatures
  A two-headed ogre (D:11)
  The ghost of diiiiiane the Thaumaturge, a novice DEFE of Sif Muna (D:11)
  An unseen horror (D:11)
  A deep elf mage (D:12)
  An ugly thing (D:11)
  5 trolls
  A hippogriff (D:9)
  A basilisk (D:11)
  Eustachio (D:6)
  19 yaks
  2 hungry ghosts
  An acid dragon (D:11)
  2 soldier ants
  A water moccasin (D:10)
  3 porcupines (D:11)
  A sky beast (D:10)
  6 orc warriors
  2 necrophages
  6 ice beasts
  A phantom (D:9)
  5 ogres
  6 centaurs
  4 crocodiles
  Blork the orc (D:6)
  7 bullfrogs
  A scorpion (D:4)
  12 wights
  5 killer bees (D:12)
  9 howler monkeys
  2 centaur zombies
  3 crimson imps
  3 bullfrog zombies
  6 jellies
  2 quasits
  10 hounds
  23 orc wizards
  12 orc priests
  2 centaur skeletons
  A bullfrog skeleton (D:12)
  4 iguanas
  5 worker ants
  2 hound skeletons (D:4)
  3 worker ant zombies
  12 adders
  4 gnolls (D:8)
  3 shadow imps
  6 oozes
  2 worms
  5 dart slugs
  6 leopard geckos
  54 orcs
  A ball python (D:4)
  13 bats
  5 giant cockroaches
  15 goblins
  8 hobgoblins
  14 jackals
  6 kobolds
  7 quokkas
  8 frilled lizards
  A giant cockroach zombie (D:5)
  A jackal zombie (D:9)
  A leopard gecko zombie (D:8)
  A quokka skeleton (D:5)
  10 rats
  2 butterflies (D:2)
370 creatures vanquished.

Vanquished Creatures (others)
  A fungus (D:11)
1 creature vanquished.

Grand Total: 371 creatures vanquished

Notes
Turn   | Place    | Note
-------+----------+-------------------------------------------
     0 | D:1      | Sneiq the Spriggan Enchanter began the quest for the Orb.
     0 | D:1      | Reached XP level 1. HP: 9/9 MP: 5/5
   615 | D:1      | Reached XP level 2. HP: 4/13 MP: 1/6
   619 | D:1      | Learned a level 2 spell: Ensorcelled Hibernation
  1234 | D:1      | Reached skill level 5 in Stealth
  1362 | D:1      | Reached XP level 3. HP: 16/16 MP: 2/8
  1694 | D:2      | Found a shimmering altar of Xom.
  1791 | D:2      | Reached skill level 1 in Ice Magic
  2001 | D:2      | Reached XP level 4. HP: 12/21 MP: 9/9
  2006 | D:2      | Learned a level 3 spell: Confuse
  2124 | D:2      | Found a faded altar of an unknown god.
  2727 | D:3      | Found a hazy altar of Hepliaklqana.
  3548 | D:3      | Reached XP level 5. HP: 18/24 MP: 11/11
  3922 | D:4      | Found a staircase to the Ecumenical Temple.
  3942 | Temple   | Entered the Ecumenical Temple
  4085 | D:4      | Reached skill level 6 in Stealth
  4105 | D:4      | Reached skill level 5 in Dodging
  4105 | D:4      | Reached XP level 6. HP: 18/28 MP: 11/13
  4110 | D:4      | Learned a level 3 spell: Tukima's Dance
  4114 | D:4      | Learned a level 3 spell: Dazzling Spray
  4505 | D:4      | Reached skill level 1 in Throwing
  4610 | D:4      | Found an opulent altar of Gozag.
  4828 | D:4      | HP: 1/28 [poisoned by a worker ant]
  5510 | D:4      | Became a worshipper of Gozag Ym Sagoz the Greedy
  5670 | D:4      | Reached XP level 7. HP: 32/32 MP: 6/14
  5863 | D:4      | Found a white marble altar of Elyvilon.
  5925 | D:5      | Entered Level 5 of the Dungeon
  5939 | D:5      | Reached skill level 7 in Stealth
  6221 | D:5      | Got a warped dagger
  6222 | D:5      | Identified the cursed +1 dagger "Leviticus" {freeze, +Rage
                  | Str-3 Int-5 Stlth+} (You found it on level 5 of the
                  | Dungeon)
  6440 | D:5      | Found Hufonwigh's Assorted Antiques.
  6475 | D:5      | Found a glowing golden altar of the Shining One.
  6541 | D:5      | Bought a scroll labeled CIOLIR ETHRACU for 31 gold pieces
  6541 | D:5      | Bought a scroll labeled HOIHIU SOEXOIG for 31 gold pieces
  6739 | D:6      | Found a runed translucent door.
  6743 | D:6      | Noticed releu's ghost (novice MiFi)
  6778 | D:6      | Noticed Eustachio
  6788 | D:6      | Killed Eustachio
  6788 | D:6      | Reached skill level 5 in Spellcasting
  6788 | D:6      | Reached XP level 8. HP: 36/36 MP: 11/16
  6815 | D:6      | Found a blossoming altar of Fedhas.
  6858 | D:6      | Reached skill level 8 in Stealth
  6991 | D:6      | Reached skill level 5 in Short Blades
  7068 | D:6      | Noticed Blork the orc
  7093 | D:6      | Killed Blork the orc
  7434 | D:6      | Reached skill level 9 in Stealth
  7600 | D:6      | Found an iron altar of Okawaru.
  7896 | D:7      | Reached XP level 9. HP: 35/40 MP: 14/19
  7902 | D:7      | Reached skill level 1 in Fighting
  7926 | D:7      | Reached skill level 5 in Hexes
  8235 | D:7      | Found Hufeboep's Antique Armour Boutique.
  8241 | D:7      | Bought a glowing robe for 85 gold pieces
  8553 | D:7      | Learned a level 3 spell: Gell's Gravitas
  8727 | D:8      | Found a sparkling altar of Nemelex Xobeh.
  8773 | D:8      | Found a shadowy altar of Dithmenos.
  8819 | D:8      | Reached skill level 1 in Translocations
  8855 | D:8      | Found a hide-covered altar of Uskayaw.
  8986 | D:7      | Learned a level 1 spell: Confusing Touch
  9001 | D:8      | Reached skill level 10 in Stealth
  9607 | D:9      | Found a radiant altar of Vehumet.
  9647 | D:9      | Reached XP level 10. HP: 38/46 MP: 4/21
 10191 | D:9      | Found a staircase to the Orcish Mines.
 10776 | D:10     | Entered Level 10 of the Dungeon
 10917 | D:10     | Reached skill level 11 in Stealth
 10929 | D:10     | Reached skill level 10 in Dodging
 10986 | D:10     | Reached skill level 5 in Translocations
 11530 | D:10     | Reached XP level 11. HP: 50/50 MP: 24/24
 11845 | D:11     | Found a staircase to the Lair.
 11901 | D:11     | Reached skill level 12 in Stealth
 11928 | D:11     | Noticed a two-headed ogre
 12078 | D:11     | Killed a two-headed ogre
 12223 | D:11     | Found a gate leading to a gauntlet.
 12356 | D:11     | Found a runed translucent gate.
 12356 | D:11     | Found a runed translucent gate.
 12357 | D:11     | Found a runed translucent gate.
 12358 | D:11     | Noticed diiiiiane's ghost (novice DEFE)
 12374 | D:11     | Killed diiiiiane's ghost
 12407 | D:11     | Noticed a green ugly thing
 12414 | D:11     | Killed a green ugly thing
 12787 | D:11     | Noticed an unseen horror
 12798 | D:11     | Killed an unseen horror
 13084 | D:12     | Noticed a deep elf mage
 13091 | D:12     | Killed a deep elf mage
 13404 | D:12     | Noticed a white ugly thing
 13426 | D:12     | Mangled by a white ugly thing

Levels and vault maps discovered:
D:1:      nicolae_arrival_washed_ashore, layout_loops_corners,
          minmay_misc_feat_roman
D:2:      layout_loops_ring, xom_butterflies, first_ration,
          chequers_ecumenical_altar_island, serial_park_tiny_pond
D:3:      minmay_recursive_quarters, layout_basic,
          nicolae_overflow_crystal_walls
D:4:      layout_loops_ring, lemuel_coloured_pillars_altar, lemuel_round_altar,
          temple_pool_b, kennysheep_generic_room_2
D:5:      layout_basic, tso_oasis_becter, serial_shops, shop
D:6:      layout_rooms, kennysheep_little_box, lemuel_crystal_altar,
          ebering_ghost_inner_flame, minmay_hedge_maze,
          corexii_item_surrounded_by_moat, minmay_fractal_squares_diagonal_5,
          uniq_eustachio, uniq_blork_the_orc
D:7:      layout_basic, serial_shops, shop
D:8:      layout_cave_pools, lemuel_round_altar, eat_drink_and_be_merry_uskayaw,
          nemelex_diamond_rough_becter
D:9:      layout_stronghold, hiddenorc1_lemuel, basic_altar
D:10:     layout_roguey, hangedman_little_slice_of_home
D:11:     layout_irregular_city, minmay_lair_entry_grove,
          gauntlet_entry_generic, ebering_ghost_rock_garden
D:12:     layout_long_grid, minmay_strange_pillars, kennysheep_windowed_goal
Temple:   nicolae_temple_god_jail

Skill      XL: |  1  2  3  4  5  6  7  8  9 10 11 |
---------------+----------------------------------+-----
Stealth        | 5 6 7 9 10 11 12 | 12.7
Short Blades   | 2 3 4 5 6 7 9 |  9.3
Dodging        | 4 5 6 8 9 10 11 | 11.5
Ice Magic      | 1 2 4 |  4.0
Spellcasting   | 3 4 5 6 7 8 9 |  9.5
Hexes          | 4 6 8 9 |  9.5
Throwing       | 1 3 4 |  4.0
Fighting       | 2 |  2.0
Translocations | 3 5 6 |  6.0

Action                   |  1- 3 |  4- 6 |  7- 9 | 10-12 || total
-------------------------+-------+-------+-------+-------++-------
Melee: Dagger            |   131 |   233 |   406 |   484 ||  1254
Throw: Dart              |       |       |    10 |     8 ||    18
 Cast: Corona            |     9 |       |       |     1 ||    10
       Ensorcelled Hiber |    27 |    33 |    35 |    21 ||   116
       Confuse           |       |    13 |    58 |    44 ||   115
       Dazzling Spray    |       |     1 |     3 |     4 ||     8
       Gell's Gravitas   |       |       |     9 |    21 ||    30
       Confusing Touch   |       |       |     5 |    20 ||    25
Invok: Potion Petition   |       |       |       |     1 ||     1
Evoke: Wand              |       |       |     2 |     2 ||     4
  Use: Scroll            |       |       |    10 |     6 ||    16
       Potion            |       |       |     2 |     1 ||     3
 Stab: Sleeping          |    27 |    33 |    37 |    48 ||   145
       Distracted        |       |     1 |     4 |     7 ||    12
       Confused          |       |     4 |    50 |    47 ||   101
       Invisible         |       |       |     1 |     6 ||     7
  Eat: Ration            |       |     2 |     3 |     2 ||     7
Armor: Robe              |    18 |    17 |    23 |    10 ||    68
Dodge: Dodged            |   118 |   175 |   349 |   336 ||   978
